 Dungeon Crawl Stone Soup version 0.31.0-11-ge490571c62 (webtiles) character file.

Game seed: 9946877082224521048

395 tmcgee265 the Chucker (level 7, 0/50 HPs)
             Began as a Formicid Brigand on Jan 28, 2024.
             Slain by a bullfrog (3 damage)
             ... in a sewer.
             The game lasted 00:13:53 (3706 turns).

tmcgee265 the Chucker (Formicid Brigand)            Turns: 3706, Time: 00:13:56

Health: 0/50       AC:  7    Str: 17    XL:     7   Next: 9%
Magic:  7/7        EV:  7    Int: 11    God:
Gold:   243        SH:  0    Dex: 18    Spells: 6/6 levels left

rFire   + . .        p - +0 dagger (venom)
rCold   + + +        (no shield)
rNeg    + + .        u - +0 ring mail
rPois   .            (helmet unavailable)
rElec   .            c - +0 cloak
rCorr   .            (no gloves)
SInv    +            i - +0 pair of boots
Will    +....        s - amulet of the acrobat
Stlth   ++           h - ring of protection from fire
HPRegen 0.28/turn    o - ring "Baps" {rC+ rN++ Dex+3 Stlth+}
MPRegen 0.10/turn

%: acrobat
@: brilliant, lethally poisoned (0 -> -3), constricted, very slow
A: permanent stasis, dig shafts and tunnels, antennae 3, four strong arms, cold
resistance 2, strong-willed 1
a: Dig


You were in a sewer.
You visited 1 branch of the dungeon, and saw 4 of its levels.
You also visited: Sewer.

You collected 243 gold pieces.

Inventory:

Hand Weapons
 a - a +2 dagger
 p - a +0 dagger of venom (weapon)
Missiles
 b - 23 stones
 d - 9 poisoned darts
 q - 2 throwing nets
Armour
 c - a +0 cloak (worn)
 i - a +0 pair of boots (worn)
 u - a +0 ring mail (worn)
Jewellery
 h - a ring of protection from fire (left hand)
 o - the ring "Baps" (right hand) {rC+ rN++ Dex+3 Stlth+}
   (You found it on level 3 of the Dungeon)

   [ring of protection from cold]

   Dex+3:     It affects your dexterity (+3).
   rC+:       It protects you from cold.
   rN++:      It greatly protects you from negative energy.
   Stlth+:    It makes you more stealthy.
 s - an amulet of the acrobat (around neck)
Scrolls
 g - 3 scrolls of identify {unknown}
 v - a scroll of fear {unknown}
 x - a scroll of revelation {unknown}
Potions
 f - 3 potions of brilliance
 j - a potion of magic {unknown}
 k - a potion of attraction {unknown}
 l - a potion of might {unknown}
 m - a potion of enlightenment {unknown}
 n - 2 potions of mutation
 r - a potion of heal wounds {unknown}
 t - a potion of cancellation {unknown}
 w - a potion of curing {unknown}


   Skills:
 - Level 2.1 Fighting
 - Level 2.0 Short Blades
 + Level 7.1 Throwing
 - Level 0.8 Dodging
 - Level 4.8 Stealth


You had 6 spell levels left.
You didn't know any spells.
Your spell library was empty.

Dungeon Overview and Level Annotations

Branches:
Dungeon (4/15)              Sewer (1/1)
 Temple: D:4-7

Altars:
Fedhas
Qazlal


Innate Abilities, Weirdness & Mutations

You cannot be hasted, slowed, berserked, paralysed or teleported.
You can dig through walls and to a lower floor.
You have a pair of large antennae on your head. (SInv)
Your four strong arms can wield two-handed weapons with a shield.
Your flesh is very cold resistant. (rC++)
You are strong-willed. (Will+)


Message History

The ball python constricts you.
The ball python bites you but does no damage.
The ball python barely misses you. The adder barely misses you.
Your Throwing skill increases to level 7!
You have reached level 7!
Your unstable footing causes you to fumble your attack.
The bullfrog is no longer moving slowly.
The ball python bites you.
* * * LOW HITPOINT WARNING * * *
The ball python constricts you. The ball python barely misses you. x2
The adder bites you but does no damage.
The ball python bites you but does no damage.
Your unstable footing causes you to fumble your attack.
The ball python bites you but does no damage.
The ball python constricts you. The ball python barely misses you.
The adder bites you.
* * * LOW HITPOINT WARNING * * *
You are poisoned.
The adder poisons you! The ball python closely misses you.
It was a potion of brilliance.
You feel clever all of a sudden.
You feel sick. The bullfrog closely misses you.
The ball python bites you but does no damage.
The ball python constricts you.
* * * LOW HITPOINT WARNING * * *
The ball python bites you but does no damage.
The adder bites you but does no damage. The ball python closely misses you.
The bullfrog hits you!
* * * LOW HITPOINT WARNING * * *
The ball python bites you but does no damage.
The ball python constricts you.
The ball python bites you but does no damage.
It was a potion of mutation.
You feel extremely strange.
You feel resistant to cold.
You feel strong-willed.
You feel more resistant to cold.
* * * LOW HITPOINT WARNING * * *
You feel sick.
The adder looks more healthy.
The adder bites you.
* * * LOW HITPOINT WARNING * * *
The bullfrog hits you.
You die...

≈≈≈≈# #≈≈≈≈~≈#
≈~≈≈# #≈≈≈~.≈#
~.~## #≈≈≈~.~#
[††≈# #≈≈~≈~~#
~.~## #≈≈≈~≈≈#
≈≈~~# #≈≈~~~≈#
≈≈≈~# #≈≈~~≈≈#
≈†~≈# #≈≈~≈SS#
~≈≈≈# #≈≈~SS@#
~≈~≈# #####~≈~~FS#
~..## #..###~~~~##
.††.###..##.†....#
....†##'##......##
......#.........#
...............##
###.........####
####...####


You could see a bullfrog, an adder and 4 ball pythons.

Vanquished Creatures
  A bullfrog (Sewer)
  An orc priest (D:4)
  Terence (D:2)
  An orc wizard (D:4)
  3 gnolls (D:3)
  5 adders
  7 river rats
  3 dart slugs
  3 orcs
  8 bats
  8 endoplasms
  3 giant cockroaches
  4 goblins
  7 hobgoblins
  4 jackals
  8 kobolds
  6 quokkas
  15 ball pythons
  A frilled lizard (D:3)
  22 rats
111 creatures vanquished.

Notes
Turn   | Place    | Note
-------+----------+-------------------------------------------
     0 | D:1      | tmcgee265 the Formicid Brigand began the quest for the Orb.
     0 | D:1      | Reached XP level 1. HP: 16/16 MP: 1/1
    94 | D:1      | Reached XP level 2. HP: 21/22 MP: 2/2
   294 | D:1      | Reached skill level 3 in Throwing
   562 | D:1      | Reached XP level 3. HP: 27/27 MP: 3/3
  1313 | D:2      | Noticed Terence
  1330 | D:2      | Killed Terence
  1331 | D:2      | Reached skill level 4 in Throwing
  1331 | D:2      | Reached XP level 4. HP: 18/33 MP: 4/4
  2230 | D:3      | Identified the ring "Baps" {rC+ rN++ Dex+3 Stlth+}
  2356 | D:3      | Found a stormy altar of Qazlal.
  2403 | D:3      | Reached XP level 5. HP: 27/38 MP: 5/5
  2480 | D:3      | Reached skill level 5 in Throwing
  2653 | D:3      | Found a blossoming altar of Fedhas.
  3015 | D:4      | Reached XP level 6. HP: 39/44 MP: 6/6
  3023 | D:4      | Reached skill level 6 in Throwing
  3082 | D:4      | Found a glowing drain.
  3128 | Sewer    | Entered a sewer
  3703 | Sewer    | Reached skill level 7 in Throwing
  3703 | Sewer    | Reached XP level 7. HP: 18/50 MP: 7/7
  3706 | Sewer    | Gained mutation: Your flesh is cold resistant. (rC+)
                  | [potion of mutation]
  3706 | Sewer    | Gained mutation: You are strong-willed. (Will+) [potion of
                  | mutation]
  3706 | Sewer    | Gained mutation: Your flesh is very cold resistant. (rC++)
                  | [potion of mutation]
  3706 | Sewer    | Slain by a bullfrog

Illustrated notes

Levels and vault maps discovered:
D:1:      minmay_arrival_radiant_lines, layout_basic
D:2:      layout_basic, uniq_terence
D:3:      layout_rooms, grunt_temple_overflow_forces_of_nature,
          minmay_statues_item
D:4:      layout_loops_ring, old_standard_altar,
          minmay_temple_entry_gardened_gates, portal_sewer_entry_c,
          minmay_misc_feat_more_columns, kennysheep_generic_room_14
Sewer:    sewer_minmay_w

Skill      XL: |  1  2  3  4  5  6 |
---------------+-------------------+-----
Throwing       | 3 4 5 7 |  7.1
Fighting       | |  2.1
Short Blades   | |  2.0
Dodging        | |  0.8
Stealth        | |  4.8

Action                     |  1- 3 |  4- 6 |  7- 9 || total
---------------------------+-------+-------+-------++-------
  Melee: Dagger            |    86 |   270 |     2 ||   358
         Punch             |       |     1 |       ||     1
  Throw: Dart              |     2 |     8 |       ||    10
         Stone             |       |     1 |       ||     1
Ability: Dig               |       |     1 |       ||     1
    Use: Potion            |       |       |     2 ||     2
   Stab: Sleeping          |     5 |    14 |       ||    19
         Distracted        |       |     2 |       ||     2
 Armour: Robe              |    49 |       |       ||    49
         Leather armour    |     8 |    41 |       ||    49
         Ring mail         |       |   122 |    13 ||   135
  Dodge: Dodged            |    50 |   200 |     6 ||   256
